 Dungeon Crawl Stone Soup version 0.27.1-34-g3ba077fa99 (webtiles) character file.

Game seed: 13443019576056633237

9 squill the Conjurer (level 2, 22/22 HPs)
             Began as a Hill Orc Conjurer on Jan 12, 2022.
             Was a Follower of Trog.
             Got out of the dungeon alive.
             The game lasted 00:02:49 (671 turns).

squill the Conjurer (Hill Orc Conjurer)              Turns: 671, Time: 00:02:50

Health: 22/22      AC:  2    Str:  9    XL:     2   Next: 12%
Magic:  4/4        EV: 11    Int: 18    God:    Trog [*.....]
Gold:   18         SH:  0    Dex:  9    Spells: 1/4 levels left

rFire    . . .     SeeInvis .   (no weapon)
rCold    . . .     Faith    .   (no shield)
rNeg     . . .     Spirit   .   a - +0 robe
rPois    .         Reflect  .   (no helmet)
rElec    .         Harm     .   (no cloak)
rCorr    .         Rampage  .   (no gloves)
Will     .....                  (no boots)
Stlth    +.........             (no amulet)
HPRegen  0.07/turn              (no ring)
MPRegen  0.09/turn              (no ring)

@: no status effects
A: no striking features
a: Renounce Religion, Berserk


You escaped.
You worshipped Trog.
Trog was aware of your devotion.
You visited 1 branch of the dungeon, and saw 1 of its levels.

You collected 18 gold pieces.

Inventory:

Armour
 a - a +0 robe (worn)
Scrolls
 b - 2 scrolls of teleportation {unknown}


   Skills:
 + Level 0.8 Fighting
 + Level 0.8 Armour
 - Level 1.5 Dodging
 - Level 1.5 Stealth
 - Level 1.7 Spellcasting
 - Level 4.1 Conjurations


You had one spell level left.
You knew the following spells:

 Your Spells              Type           Power      Damage    Failure   Level
a - Magic Dart            Conj           64%        1d6       3%          1
b - Searing Ray           Conj           32%        3d4       5%          2

Your spell library contained the following spells:

 Spells                   Type           Power      Damage    Failure   Level
 Dazzling Flash           Conj/Hex       16%        N/A       24%         3
 Ozocubu's Armour         Ice            1%         N/A       50%         3
 Fulminant Prism          Conj/Hex       4%         3d6       63%         4
 Iskenderun's Mystic Bla  Conj/Tloc      8%         2d4       63%         4
 Ozocubu's Refrigeration  Ice            0%         4d5       100%        7


Dungeon Overview and Level Annotations

Branches:
Dungeon (1/15)

Altars:
Trog


Message History

Found Ozocubu's Autobiography.
A hobgoblin comes into view.
A hobgoblin is nearby!
Casting: Magic Dart (safe; 3% risk of failure)
Confirm with . or Enter, or press ? or * to list all spells.
Aiming: Magic Dart (safe; 3% risk of failure)
Press: ? - help, Shift-Dir - straight line, f - hobgoblin
Aim: a hobgoblin (asleep, 100% to hit)
The magic dart hits the hobgoblin.
You kill the hobgoblin!
Casting: Magic Dart (safe; 3% risk of failure)
Confirm with . or Enter, or press ? or * to list all spells.
You can't see any susceptible monsters within range! (Use Z to cast anyway.) Unknown command.
Found a faded altar of an unknown god.
Found 9 gold pieces.
You pick up Ozocubu's Autobiography and begin reading...
You add the spells Ozocubu's Armour and Ozocubu's Refrigeration to your library.
Okay, then.
Found 7 gold pieces.
There is a faded altar of an unknown god here.
You cannot tell which god this altar belongs to.
Convert to them anyway?
Trog accepts your prayer! Trog welcomes you!
You can now go berserk at will.
Casting: Magic Dart (safe; 3% risk of failure)
Confirm with . or Enter, or press ? or * to list all spells.
Okay, then.
(D) Dungeon
Where to? (? - help)
Okay, then.
Unknown command.
Press < or > to pray at altars.
(D) Dungeon
Where to? (? - help)
Okay, then.
There is an open door here.
There is a staircase leading out of the dungeon here.
Are you sure you want to leave the Dungeon?
This will make you lose the game!
You have escaped!

#.# #.# #.## ###.#
#.#########..# #...#
#.#..........# #.###
#............#
##.#######.#.........#
...........#...###...#
##.#######.#..##.##..#
#.# #.#..#...#..#
##.#######....'.@.+..#
..............#...#..#
##########.#..##.##..# #
#.#...###...# #
#...........# #
##..........###
###########............#
#..# .#
.........##..##........#
#..# .#
#######.#.#..##.#.###..#
#..# .#


There were no monsters in sight!

Vanquished Creatures
  A ball python (D:1)
  An endoplasm (D:1)
  A giant cockroach (D:1)
  A goblin (D:1)
  2 hobgoblins (D:1)
  A kobold (D:1)
7 creatures vanquished.

Notes
Turn   | Place    | Note
-------+----------+-------------------------------------------
     0 | D:1      | squill the Hill Orc Conjurer began the quest for the Orb.
     0 | D:1      | Reached XP level 1. HP: 14/14 MP: 3/3
   496 | D:1      | Reached XP level 2. HP: 22/22 MP: 1/4
   499 | D:1      | Learned a level 2 spell: Searing Ray
   621 | D:1      | Found a faded altar of an unknown god.
   631 | D:1      | Became a worshipper of Trog the Wrathful
   631 | D:1      | Reached * piety under Trog
   671 | D:$      | Got out of the dungeon alive.

Illustrated notes

Levels and vault maps discovered:
D:1:      dpeg_arrival_shelter, layout_loops_ring,
          hellmonk_ecumenical_altar_run_dry, minmay_tripent

Action                   || total
-------------------------++-------
Melee: Unarmed           ||     1
 Cast: Magic Dart        ||    16
Dodge: Dodged            ||     1
